 Dungeon Crawl Stone Soup version 0.30-a0-1103-g25895a7845 (webtiles) character file.

Game seed: 4047714053428530498

912 jimonade the Trooper (level 8, -1/65 HPs)
             Began as a Barachi Monk on Apr 18, 2023.
             Was a Believer of Cheibriados.
             Killed from afar by Dowan (2 damage)
             ... with a puff of frost
             ... on level 5 of the Dungeon on Apr 19, 2023.
             The game lasted 00:17:26 (4535 turns).

jimonade the Trooper (Barachi Monk)                 Turns: 4535, Time: 00:17:26

Health: -1/65      AC: 14    Str: 18    XL:     8   Next: 9%
Magic:  17/17      EV: 10    Int: 20    God:    Cheibriados [**....]
Gold:   223        SH:  0    Dex: 20    Spells: 7/7 levels left

rFire   . . .      SeeInvis .    a - +2 spear (flame)
rCold   . . .      Faith    .    d - orb {light}
rNeg    . . .      Spirit   .    o - +0 chain mail
rPois   .          Reflect  .    (no helmet)
rElec   .          Rampage  .    m - +0 cloak
rCorr   .                        j - +1 pair of gloves
Will    .....                    I - +0 pair of boots Stlth
                                 i - amulet of the acrobat
HPRegen 0.30/turn                e - +6 ring of intelligence
MPRegen 0.15/turn                k - ring of magical power

@: glowing, very slow
A: amphibious, slowness 1, strong legs 1, +LOS
a: Hop, Renounce Religion, Bend Time


You were on level 5 of the Dungeon.
You worshipped Cheibriados.
Cheibriados was pleased with you.
You visited 2 branches of the dungeon, and saw 6 of its levels.

You collected 223 gold pieces.

Inventory:

Hand Weapons
 a - a +2 spear of flaming (weapon)
 b - a +2 sling of flaming
 f - a +2 heavy hand axe
 g - a +2 dagger of draining
 n - a +0 shortbow
Missiles
 w - 2 atropa-tipped darts
 x - 10 poisoned darts
Armour
 d - an orb of light (worn)
 j - a +1 pair of gloves (worn)
 m - a +0 cloak (worn)
 o - a +0 chain mail (worn)
 s - the +0 leather armour "Koliceti" {Int+3}
   (You found it on level 2 of the Dungeon)

   Int:       It affects your intelligence (+3).
 E - a +0 ring mail
 I - a +0 pair of boots (worn)
Jewellery
 e - a +6 ring of intelligence (left hand)
 i - an amulet of the acrobat (around neck)
 k - a ring of magical power (right hand)
Wands
 F - a wand of charming (10)
Scrolls
 h - 3 scrolls of teleportation
 l - a scroll of summoning
 p - a scroll of enchant armour
 q - a scroll of brand weapon
 v - a scroll of identify
 y - 2 scrolls of magic mapping {unknown}
 C - a scroll of amnesia
 H - a scroll of vulnerability {unknown}
Potions
 c - 3 potions of ambrosia
 r - a potion of degeneration {unknown}
 t - a potion of haste {unknown}
 u - a potion of mutation {unknown}
 z - a potion of brilliance {unknown}
 A - 3 potions of curing {unknown}
 B - a potion of lignification {unknown}
 D - 3 potions of heal wounds {unknown}
 G - a potion of berserk rage {unknown}


   Skills:
 + Level 6.5 Fighting
 + Level 4.4 Long Blades
 - Level 2.9 Polearms
 + Level 4.9 Armour
 + Level 4.4 Dodging
 + Level 1.2 Stealth
 * Level 4.4 Summonings


You had 7 spell levels left.
You didn't know any spells.
Your spell library contained the following spells:

 Spells                   Type           Power      Damage    Failure   Level
 Call Canine Familiar     Summ           17%        N/A       63%         3
 Shock                    Conj/Air       0%         1d3       86%         1
 Slow                     Hex            0%         N/A       86%         1
 Cigotuvi's Dreadful Rot  Necr/Pois/Air  0%         N/A       94%         2
 Confusing Touch          Hex            0%         N/A       99%         3
 Portal Projectile        Hex/Tloc       0%         N/A       99%         3
 Swiftness                Air            0%         N/A       99%         3
 Vampiric Draining        Necr           0%         2d6       99%         3
 Airstrike                Air            0%         2d(0-16)  100%        4
 Dispel Undead            Necr           0%         3d6       100%        4
 Leda's Liquefaction      Hex/Erth       0%         N/A       100%        4
 Death Channel            Necr           0%         N/A       100%        6


Dungeon Overview and Level Annotations

Branches:
Dungeon (5/15)             Temple (1/1) D:5

Altars:
Cheibriados
Elyvilon
Fedhas
Gozag
Hepliaklqana
Okawaru
Ru
Sif Muna
Trog
Uskayaw
Wu Jian
Xom
Yredelemnul
Zin
The Shining One

Shops:
D:4 *

Annotations:
D:5 Dowan, Duvessa


Innate Abilities, Weirdness & Mutations

You are amphibious.
You cover ground slowly.
You can hop short distances.
You have an extended range of vision and can be seen from far away.


Message History

Duvessa is heavily wounded.
Duvessa hits you but does no damage. Dowan hits you with a +0 dagger.
You hit Duvessa but do no damage.
Duvessa is heavily wounded.
Duvessa hits you but does no damage. Dowan hits you with a +0 dagger.
Duvessa hits you but does no damage.
You hit Duvessa but do no damage.
Duvessa is heavily wounded.
Duvessa hits you but does no damage.
Dowan smirks and points a slender finger.
Dowan hits you but does no damage.
You hit Duvessa but do no damage.
Duvessa is heavily wounded.
Duvessa hits you with a +0 short sword. Dowan hits you but does no damage.
Duvessa misses you.
You hit Duvessa. You burn Duvessa.
Duvessa is heavily wounded.
Duvessa hits you but does no damage. Dowan closely misses you.
You hit Duvessa. You burn Duvessa.
Duvessa is heavily wounded.
Duvessa hits you with a +0 short sword. Dowan closely misses you.
Duvessa zaps a wand.
The bolt of dispelling energy hits you!
* * * LOW HITPOINT WARNING * * *
You hit Duvessa. You burn Duvessa.
Duvessa is severely wounded.
Duvessa hits you with a +0 short sword.
* * * LOW HITPOINT WARNING * * *
Dowan hits you but does no damage.
You hit Duvessa but do no damage.
Duvessa is severely wounded.
Duvessa barely misses you. Dowan hits you but does no damage.
Duvessa hits you with a +0 short sword.
* * * LOW HITPOINT WARNING * * *
You hit Duvessa but do no damage.
Duvessa is heavily wounded.
Duvessa zaps a wand.
The bolt of dispelling energy hits you!
* * * LOW HITPOINT WARNING * * *
Dowan casts a spell at you. The puff of frost hits you.
You die...

##########
.......ee#
########@#
#........#
##
#.########
.# #.# .#
#.# .#
#.#### .#
#....# .#
#.####.#
.#
#......#


You could see Duvessa (fast) and Dowan.

Vanquished Creatures
  A sky beast (D:4)
  A black bear (D:4)
  A phantom (D:5)
  A centaur (D:4)
  2 scorpions
  A hound (D:4)
  A jelly (D:4)
  2 orc priests (D:4)
  2 sleepcaps
  2 iguanas (D:4)
  2 orc wizards (D:4)
  4 adders
  2 shadow imps (D:5)
  5 worms
  3 dart slugs
  6 orcs
  8 bats
  14 endoplasms
  4 giant cockroaches
  10 goblins
  7 hobgoblins
  7 jackals
  2 quokkas
  11 ball pythons
  4 frilled lizards (D:2)
  6 kobolds
  5 rats
114 creatures vanquished.

Vanquished Creatures (others)
  A plant (D:1)
1 creature vanquished.

Grand Total: 115 creatures vanquished

Notes
Turn   | Place    | Note
-------+----------+-------------------------------------------
     0 | D:1      | jimonade the Barachi Monk began the quest for the Orb.
     0 | D:1      | Reached XP level 1. HP: 18/18 MP: 1/1
    75 | D:1      | Reached XP level 2. HP: 22/25 MP: 2/2
   194 | D:1      | Reached skill level 4 in Fighting
   490 | D:1      | Reached XP level 3. HP: 30/30 MP: 3/3
   962 | D:2      | Reached skill level 1 in Polearms
  1157 | D:2      | Reached XP level 4. HP: 37/37 MP: 4/4
  1167 | D:2      | Identified the +0 leather armour "Koliceti" {Int+3}
  1788 | D:3      | Noticed a scorpion
  1797 | D:3      | Killed a scorpion
  1798 | D:3      | Reached XP level 5. HP: 33/43 MP: 5/5
  1956 | D:3      | Found a faded altar of an unknown god.
  2224 | D:3      | Found a sacrificial altar of Ru.
  2230 | D:3      | Found a bloodstained altar of Trog.
  2602 | D:4      | Reached skill level 1 in Armour
  2602 | D:4      | Reached skill level 1 in Summonings
  2612 | D:4      | Found Kaqes's Mayhem Merchandise.
  2638 | D:4      | Reached skill level 1 in Stealth
  2937 | D:4      | Reached XP level 6. HP: 50/50 MP: 6/6
  2991 | D:4      | Reached skill level 5 in Fighting
  3118 | D:4      | Noticed a sky beast
  3133 | D:4      | Killed a sky beast
  3134 | D:4      | Reached XP level 7. HP: 43/56 MP: 7/7
  3727 | D:4      | Reached skill level 6 in Fighting
  3947 | D:5      | Entered Level 5 of the Dungeon
  4187 | D:5      | Found a staircase to the Ecumenical Temple.
  4220 | D:5      | Reached XP level 8. HP: 56/65 MP: 8/8
  4235 | Temple   | Entered the Ecumenical Temple
  4300 | Temple   | Became a worshipper of Cheibriados the Contemplative
  4300 | Temple   | Reached * piety under Cheibriados
  4300 | Temple   | Reached ** piety under Cheibriados
  4516 | D:5      | Noticed Duvessa
  4516 | D:5      | Noticed Dowan
  4535 | D:5      | HP: 1/65 [Duvessa/bolt of dispelling energy (10)]
  4535 | D:5      | Killed from afar by Dowan

Illustrated notes

Levels and vault maps discovered:
D:1:      dpeg_arrival_long_road, layout_basic, serial_bayou_crossing
D:2:      layout_basic, dk_noncrumbling_3, dk_noncrumbling_4,
          minmay_fractal_squares_5
D:3:      layout_basic, amethyst_overflow_temple_binary,
          shapermc_ecumenical_altar_ellora, chequers_jeans, minivault_24
D:4:      layout_gridville, minivault_23, grunt_ministairs_2,
          minmay_shop_mayhem, nrook_campfire, kennysheep_generic_room_8
D:5:      layout_basic, minmay_temple_entry_slanted, minmay_manual_mess,
          uniq_duvessa
Temple:   cyrus_circular_temple

Skill      XL: |  1  2  3  4  5  6  7 |
---------------+----------------------+-----
Fighting       | 4 5 6 |  6.5
Long Blades    | 4 |  4.4
Polearms       | 1 2 |  2.9
Armour         | 1 2 4 |  4.9
Summonings     | 1 3 4 |  4.4
Stealth        | 1 |  1.2
Dodging        | 4 |  4.4

Action                     |  1- 3 |  4- 6 |  7- 9 || total
---------------------------+-------+-------+-------++-------
  Melee: Spear             |    92 |   120 |   135 ||   347
         Falchion          |     5 |       |       ||     5
   Fire: Sling             |       |     1 |       ||     1
    Use: Scroll            |       |     4 |     3 ||     7
   Stab: Distracted        |       |       |     1 ||     1
 Armour: Robe              |     6 |       |       ||     6
         Chain mail        |    11 |    37 |    56 ||   104
         Leather armour    |     7 |       |       ||     7
  Dodge: Dodged            |    54 |    26 |    38 ||   118

Table legend: (Time is in decaauts)
 A = Elapsed time spent in this place.
 B = Non-inter-level travel time spent in this place.
 C = Inter-level travel time spent in this place.
 D = Time resting spent in this place.
 E = Time spent auto-exploring this place.
 F = Levels seen in this place.
 G = Mean time per level.
                   A        B        C        D        E       F      G
               +--------+--------+--------+--------+--------+-----+--------+
         Total |   5266 |   4982 |    284 |    392 |   3423 |   6 |  877.7 |
       Dungeon |   5167 |   4904 |    263 |    392 |   3379 |   5 | 1033.4 |
        Temple |     98 |     77 |     21 |      0 |     44 |   1 |   98.0 |
               +--------+--------+--------+--------+--------+-----+--------+

Top non-repeatable levels by time:
     D:3: 1298 daAuts
     D:4: 1277 daAuts
     D:1: 987 daAuts
     D:2: 940 daAuts
     D:5: 663 daAuts
  Temple: 98 daAuts
